cohdb
Replays
Latest Replays
All Replays
Popular Replays
Top Player Replays
Match Explorer
How It Works
Community
CoH3 Stats
Reddit
Sign in to upload your games and track your stats! →
Sign in with Steam
Match 40586342
Unlisted
Match 40586342
Overview
Messages
Build Orders
End
Construct Infanterie Kompanie
Grenadier Squad
MG 42 Machine Gun Team
Grenadier Squad
Grenadier Squad
Construct Panzergrenadier Kompanie
251 Medium Carrier
Pak 40 Anti-tank Gun Team
Forward Retreat Point
Selects Mechanized Battlegroup
Selects Mobile Repair Stations
Selects Raid Package
Medical Bunker
Construct Panzer Kompanie
setana
aoligeigei
OMEGOKABAN
Particycles
哈哈哈好好好
hoon0783
0
0
Comments
sign in to comment!
No comments posted yet!